 Dungeon Crawl Stone Soup version 0.19.0 (webtiles) character file.

60064 kraedy the Bludgeoner (level 14, -7/92 HPs)
             Began as a Gargoyle Fighter on Nov 1, 2016.
             Was the Champion of Okawaru.
             Killed by divine providence
             ... invoked by a meliai
              (10 damage)
             ... on level 4 of the Lair of Beasts.
             The game lasted 01:25:51 (19998 turns).

kraedy the Bludgeoner (Gargoyle Fighter)           Turns: 19998, Time: 01:25:51

Health: -7/92      AC: 28    Str: 34    XL:     14   Next: 97%
Magic:  34/35      EV: 15    Int:  5    God:    Okawaru [******]
Gold:   1303       SH:  0    Dex: 14    Spells: 0 memorised, 13 levels left

rFire  + . .     SeeInvis +     V - +11 great mace of Quick Death {freeze, rPois Str+3 Int-4}
rCold  + . .     Gourm    .     O - +5 chain mail {rN+}
rNeg   + + .     Faith    .     (shield currently unavailable)
rPois  ∞         Spirit   .     p - -2 hat of Listlessness {rC+ MP+9 Dex+3}
rElec  +         Reflect  .     e - +0 cloak
rCorr  .         Harm     .     b - +0 pair of gloves
MR     +....     Clarity  +     M - +0 pair of boots
Stlth  ..........               J - amulet of regeneration
                                C - ring "Leoscheb" {rF+ MP+9 Str+6}
                                t - ring of see invisible

@: finesse, flying, very slightly contaminated, hasted, very quick
A: big wings, hooves 1, repulsion field 1, thin skeletal structure 1, clarity,
low mp 1, negative energy resistance 1, sense surroundings 1, electricity
resistance, unbreathing, evolution 1, petrification resistance, rot immunity,
subdued magic 2, MP-powered wands, AC +9
a: Stop Flying, Heroism, Finesse, Renounce Religion


You were on level 4 of the Lair of Beasts.
You worshipped Okawaru.
Okawaru was exalted by your worship.
You were hungry.

You visited 3 branches of the dungeon, and saw 20 of its levels.
You also visited: Ossuary.

You collected 1357 gold pieces.
You spent 54 gold pieces at shops.

Inventory:

Hand Weapons
 V - the +11 great mace of Quick Death (weapon) {freeze, rPois Str+3 Int-4}
   (Okawaru gifted it to you on level 13 of the Dungeon)

   It has been specially enchanted to freeze those struck by it, causing extra
   injury to most foes and up to half again as much damage against particularly
   susceptible opponents.
   It can also slow down cold-blooded creatures.
   It affects your strength (+3).
   It affects your intelligence (-4).
   It protects you from poison.
 W - a +0 longbow of venom
Missiles
 l - 634 arrows (quivered)
Armour
 b - a +0 pair of gloves (worn)
 e - a +0 cloak (worn)
 p - the -2 hat of Listlessness (worn) {rC+ MP+9 Dex+3}
   (Okawaru gifted it to you on level 2 of the Lair of Beasts)

   It affects your dexterity (+3).
   It protects you from cold.
   It affects your magic capacity (+9).
 M - a +0 pair of boots (worn)
 O - a +5 chain mail of positive energy (worn)
Jewellery
 t - a ring of see invisible (left hand)
 C - the ring "Leoscheb" (right hand) {rF+ MP+9 Str+6}
   (You acquired it on level 1 of the Lair of Beasts)

   [ring of magical power]

   It affects your strength (+6).
   It protects you from fire.
   It affects your magic capacity (+9).
 H - an uncursed ring of protection from fire
 J - an amulet of regeneration (around neck)
 U - an uncursed ring of protection from cold
Wands
 c - a wand of paralysis (12/24)
 y - a wand of enslavement (14/24)
 z - a wand of disintegration (12/24)
 B - a wand of disintegration (11/24)
 L - a wand of heal wounds (4/9)
Scrolls
 d - a scroll of amnesia
 f - 2 scrolls of enchant armour
 g - 2 scrolls of remove curse
 j - 4 scrolls of fear
 r - 5 scrolls of teleportation
 v - a scroll of blinking
 w - 5 scrolls of identify
 x - 2 scrolls of fog
 I - 4 scrolls of magic mapping
Potions
 a - a potion of brilliance
 i - a potion of invisibility
 k - 3 potions of resistance
 m - 2 potions of might
 q - 2 potions of berserk rage
 u - 9 potions of curing
 A - 4 potions of agility
Books
 o - a book of Fire

   Spells                             Type                      Level
   a - Ignite Poison                  Fire/Transmutation/Poison    3
   b - Fireball                       Conjuration/Fire             5
   c - Bolt of Fire                   Conjuration/Fire             6
   d - Delayed Fireball               Conjuration/Fire             7
   e - Ring of Flames                 Charms/Fire                  7
Comestibles
 h - 2 meat rations
 n - 6 fruits
 s - a slice of pizza


   Skills:
 * Level 12.5 Fighting
 * Level 16.4 Maces & Flails
 - Level 7.1 Bows
 + Level 9.1 Armour
 + Level 6.3 Dodging
   Level 8.1 Shields
 + Level 7.5 Invocations


You had 13 spell levels left.
You didn't know any spells.

Dungeon Overview and Level Annotations

Branches:
Dungeon (15/15)            Temple (1/1) D:7            Lair (4/6) D:11
  Swamp (0/4) Lair:3       Spider (0/4) Lair:3          Orc (0/2) D:11
 Vaults (0/5) D:14         Depths (0/5) D:15

Altars:
Ashenzari
Cheibriados
Dithmenos
Elyvilon
Fedhas
Gozag
Hepliaklqana
Kikubaaqudgha
Makhleb
Nemelex Xobeh
Okawaru
Qazlal
Ru
Sif Muna
Trog
Uskayaw
Vehumet
Xom
Yredelemnul
Zin
The Shining One

Shops:
D:4 *   D:8 (   D:11 (   D:12 :


Innate Abilities, Weirdness & Mutations

You are resistant to torment.
Your stone body is resilient. (AC +9)
You are immune to poison.
Your large and strong wings let you fly indefinitely.
You resist negative energy. (rN+)
You are resistant to electric shocks. (rElec)
You can survive without breathing.
You are immune to petrification.
You are immune to rotting.
You have large cloven feet.
You are surrounded by a mild repulsion field. (EV +2)
You have a somewhat thin skeletal structure. (Dex +2, Stealth)
You possess an exceptional clarity of mind.
Your magical capacity is low. (-10% MP)
You passively map a small area around you.
You evolve.
Your spells are easier to cast, but less powerful.
You expend magic power (3 MP) to strengthen your wands.


Message History

Something smites you!
* * * LOW HITPOINT WARNING * * *
The killer bee stings you but does no damage.
The meliai mumbles some strange prayers to its god against you.
Something smites you!
* * * LOW HITPOINT WARNING * * *
Something stings the fungus!
Okay, then.
Blink to where?
Press: ? - help, Dir - move target cursor
As you read the scroll of blinking, it crumbles to dust.
The meliai invokes the aid of its god against you.
Something smites you!
* * * LOW HITPOINT WARNING * * *
The meliai invokes the aid of its god against you.
Something smites you!
* * * LOW HITPOINT WARNING * * *
The meliai invokes the aid of its god against you.
Something smites you!
You die...

....# ##......................#..
...## ##.....#.#.................
...####....y#####.............#.#
...#.#....#..#####..#..#.#...#..P
............#y#..#.P#............
...####...#......................
.....##...####y#.###.............
P...###....#..#.#####............
....###.........@..........##..÷†
.............#..#......#P.####.>.
...........P..###...........##...
............................##...
..........[......................
.....P...........................
....#....#.......................
....##...##.##.##................
....##...#########...............


You could see 2 meliai and a killer bee.

Vanquished Creatures
  Erolcha (D:13)
  2 vault guards (D:14)
  4 hydras
  4 centaur warriors
  A death knight (D:13)
  A tengu warrior (D:13)
  6 death yaks
  An unseen horror (D:12)
  2 wizards
  A wolf spider zombie (D:14)
  2 hill giants
  16 ugly things
  2 deep elf magi
  2 cyclopes
  2 black mambas (Lair:4)
  A gargoyle (D:10)
  4 spiny frogs
  3 efreet
  6 komodo dragons
  A kobold demonologist (D:13)
  A rime drake (shapeshifter) (D:14)
  2 freezing wraiths (D:15)
  A queen bee (Lair:4)
  A merfolk (D:10)
  3 jumping spiders (Lair:3)
  3 trolls
  A hornet (D:15)
  3 two-headed ogres
  4 slime creatures (D:15)
  21 blink frogs
  5 hippogriffs
  4 redbacks (Lair:3)
  2 wraiths
  2 wyverns (D:15)
  2 basilisks
  21 humans
  26 yaks
  Grum (D:10)
  A steam dragon (D:10)
  4 vampire mosquitoes
  Menkaure (D:6)
  A mottled dragon (D:14)
  A soldier ant (D:13)
  Edmund (D:6)
  4 water moccasins
  5 porcupines
  7 ice beasts
  9 orc warriors
  5 sky beasts
  2 black bears
  2 phantoms
  7 wolves
  3 boggarts (D:15)
  11 ogres
  12 centaurs
  2 big kobolds
  12 crocodiles
  An elf zombie (Ossuary)
  15 bullfrogs
  23 killer bees
  3 scorpions
  21 wights
  9 howler monkeys
  11 electric eels
  A lava snake (D:7)
  3 crimson imps
  A bullfrog zombie (D:10)
  A jelly (D:12)
  3 quasits
  7 orc priests
  4 centaur zombies
  2 bullfrog skeletons
  2 human zombies (Ossuary)
  10 hounds
  5 centaur skeletons
  Natasha (thrice) (D:3)
  9 iguanas
  18 orc wizards
  12 worker ants
  A big kobold zombie (Ossuary)
  2 hound skeletons (D:7)
  2 mummies (Ossuary)
  A worker ant zombie (D:5)
  6 gnolls
  7 adders
  A howler monkey skeleton (D:5)
  5 shadow imps
  2 oozes (D:1)
  An adder zombie (Ossuary)
  A worm (D:3)
  3 dart slugs
  6 leopard geckos
  44 orcs
  3 giant cockroaches
  14 goblins
  11 hobgoblins
  4 jackals (D:2)
  3 quokkas
  2 ball pythons
  11 bats
  5 frilled lizards
  2 goblin zombies (Ossuary)
  9 hobgoblin zombies (Ossuary)
  A jackal zombie (Ossuary)
  12 kobolds
  10 kobold zombies (Ossuary)
  8 orc zombies (Ossuary)
  A quokka skeleton (D:9)
  11 rats
  3 plants
611 creatures vanquished.

Vanquished Creatures (others)
  2 fungi
  5 plants
7 creatures vanquished.

Grand Total: 618 creatures vanquished

Notes
Turn   | Place    | Note
-------+----------+-------------------------------------------
     0 | D:1      | kraedy the Gargoyle Fighter began the quest for the Orb.
     0 | D:1      | Reached XP level 1. HP: 14/14 MP: 1/1
   254 | D:1      | Reached XP level 2. HP: 19/19 MP: 2/2
   401 | D:1      | Reached skill level 3 in Maces & Flails
   561 | D:1      | Reached XP level 3. HP: 15/23 MP: 3/3
  1309 | D:2      | Reached skill level 4 in Maces & Flails
  1358 | D:2      | Found a hazy altar of Hepliaklqana.
  1370 | D:2      | Reached XP level 4. HP: 17/28 MP: 4/4
  1969 | D:2      | Found an ancient bone altar of Kikubaaqudgha.
  2235 | D:3      | Reached skill level 5 in Maces & Flails
  2235 | D:3      | Reached XP level 5. HP: 27/32 MP: 5/5
  2361 | D:3      | Found a blossoming altar of Fedhas.
  2408 | D:3      | Reached skill level 6 in Maces & Flails
  2410 | D:3      | Reached XP level 6. HP: 9/37 MP: 6/6
  2915 | D:3      | Found a white marble altar of Elyvilon.
  2998 | D:3      | Noticed Natasha
  3012 | D:3      | Killed Natasha
  3185 | D:3      | Noticed Natasha
  3193 | D:3      | Killed Natasha
  3336 | D:3      | Noticed Natasha
  3356 | D:3      | Killed Natasha
  3453 | D:4      | Found a bloodstained altar of Trog.
  3643 | D:4      | Reached skill level 7 in Maces & Flails
  3746 | D:4      | Found Ephiocra's Assorted Antiques.
  3823 | D:4      | Reached XP level 7. HP: 31/41 MP: 7/7
  4215 | D:4      | Found a snail-covered altar of Cheibriados.
  4445 | D:5      | Entered Level 5 of the Dungeon
  4458 | D:5      | Found an opulent altar of Gozag.
  4524 | D:5      | Reached skill level 8 in Maces & Flails
  4714 | D:5      | Found a sand-covered staircase.
  4722 | Ossuary  | Entered an ossuary
  5075 | Ossuary  | Reached skill level 9 in Maces & Flails
  5075 | Ossuary  | Reached XP level 8. HP: 34/46 MP: 8/8
  5409 | D:5      | Reached skill level 10 in Maces & Flails
  5416 | D:5      | Gained mutation: You are clumsy. (Dex -2) [mutagenic meat]
  5417 | D:5      | Lost mutation: You are clumsy. (Dex -2) [mutagenic meat]
  5418 | D:5      | Gained mutation: Your flesh is cold resistant. (rC+) [mutagenic meat]
  5419 | D:5      | Gained mutation: You have a pair of small horns on your head. [mutagenic meat]
  5420 | D:5      | Gained mutation: Your mind is acute. (Int +2) [mutagenic meat]
  5421 | D:5      | Lost mutation: Your mind is acute. (Int +2) [mutagenic meat]
  5698 | D:5      | Found a hide-covered altar of Uskayaw.
  5797 | D:5      | Got a smoking hunting sling
  5801 | D:5      | Identified the cursed +3 hunting sling of Acumipaluc {speed, Int+5} (You found it on level 5 of the Dungeon)
  6028 | D:6      | Reached skill level 11 in Maces & Flails
  6060 | D:6      | Reached XP level 9. HP: 35/51 MP: 9/9
  6262 | D:6      | Noticed Menkaure
  6276 | D:6      | Killed Menkaure
  6514 | D:6      | Noticed Edmund
  6535 | D:6      | Killed Edmund
  6535 | D:6      | Reached skill level 12 in Maces & Flails
  7524 | D:6      | Reached skill level 13 in Maces & Flails
  7624 | D:7      | Found a shadowy altar of Dithmenos.
  7689 | D:7      | Reached XP level 10. HP: 50/56 MP: 10/10
  7690 | D:7      | Reached skill level 1 in Bows
  8272 | D:7      | Found a staircase to the Ecumenical Temple.
  8284 | Temple   | Entered the Ecumenical Temple
  8317 | Temple   | Became a worshipper of Warmaster Okawaru
  8425 | D:6      | Reached skill level 1 in Dodging
  8858 | D:7      | Found a stormy altar of Qazlal.
  8858 | D:7      | Found a shadowy altar of Dithmenos.
  9206 | D:8      | Reached * piety under Okawaru
  9399 | D:8      | Found Leuce's Weapon Emporium.
  9453 | D:8      | Found an opulent altar of Gozag.
  9513 | D:8      | Reached skill level 5 in Fighting
 10194 | D:9      | Reached ** piety under Okawaru
 10683 | D:10     | Entered Level 10 of the Dungeon
 10686 | D:10     | Noticed a gargoyle
 10697 | D:10     | Killed a gargoyle
 10697 | D:10     | Reached XP level 11. HP: 55/64 MP: 11/11
 10703 | D:10     | Reached skill level 5 in Armour
 10704 | D:10     | Reached *** piety under Okawaru
 10722 | D:10     | Reached skill level 14 in Maces & Flails
 10735 | D:10     | Noticed Grum
 10761 | D:10     | Reached skill level 5 in Shields
 10772 | D:10     | Killed Grum
 10959 | D:4      | Bought a scroll of identify for 54 gold pieces
 11112 | D:10     | Noticed a deep elf mage
 11136 | D:10     | Killed a deep elf mage
 11136 | D:10     | Received a gift from Okawaru
 11825 | D:11     | Found a staircase to the Lair.
 11829 | D:11     | Noticed a cyan ugly thing
 11830 | D:11     | Noticed a death yak
 11837 | D:11     | Reached **** piety under Okawaru
 11848 | D:11     | Killed a death yak
 11848 | D:11     | Received a gift from Okawaru
 11848 | D:11     | Reached skill level 1 in Invocations
 11859 | D:11     | Killed a cyan ugly thing
 11873 | D:11     | Gained mutation: Your magical capacity is low. (-10% MP) [mutagenic meat]
 12134 | D:11     | Gained mutation: Armour fits poorly on your strangely shaped body. [mutagenic meat]
 12135 | D:11     | Lost mutation: You have a pair of small horns on your head. [mutagenic meat]
 12137 | D:11     | Gained mutation: You have sharp toenails. [mutagenic meat]
 12191 | D:11     | Lost mutation: You have sharp toenails. [potion of cure mutation]
 12191 | D:11     | Lost mutation: Your flesh is cold resistant. (rC+) [potion of cure mutation]
 12191 | D:11     | Lost mutation: Your magical capacity is low. (-10% MP) [potion of cure mutation]
 12191 | D:11     | Lost mutation: Armour fits poorly on your strangely shaped body. [potion of cure mutation]
 12215 | D:11     | Found a staircase to the Orcish Mines.
 12217 | D:11     | Found Tuwad's Weapon Shop.
 12514 | D:12     | Noticed an unseen horror
 12517 | D:12     | Found Boercha's Book Shop.
 12526 | D:12     | Killed an unseen horror
 12526 | D:12     | Reached ***** piety under Okawaru
 12623 | D:12     | Received a gift from Okawaru
 12630 | D:12     | Reached XP level 12. HP: 72/73 MP: 13/13
 13213 | D:13     | Found a basalt altar of Yredelemnul.
 13213 | D:13     | Noticed Erolcha
 13242 | D:13     | Killed Erolcha
 13337 | D:13     | Noticed a centaur warrior
 13358 | D:13     | Killed a centaur warrior
 13358 | D:13     | Received a gift from Okawaru
 13366 | D:13     | Got a faintly glowing great mace {god gift}
 13383 | D:13     | Identified the +11 great mace of Quick Death {freeze, rPois Str+3 Int-4} (Okawaru gifted it to you on level 13 of the Dungeon)
 13399 | D:13     | Noticed a centaur warrior
 13405 | D:13     | Killed a centaur warrior
 13594 | D:13     | Reached skill level 5 in Bows
 13608 | D:13     | Noticed a death knight
 13610 | D:13     | Noticed a tengu warrior
 13624 | D:13     | Killed a tengu warrior
 13648 | D:13     | Killed a death knight
 13648 | D:13     | Reached skill level 15 in Maces & Flails
 14083 | D:14     | Gained mutation: Armour fits poorly on your strangely shaped body. [mutagenic meat]
 14084 | D:14     | Gained mutation: Scrolls take you a little longer to read. [mutagenic meat]
 14086 | D:14     | Gained mutation: Your large and strong wings let you fly indefinitely. [mutagenic meat]
 14147 | D:14     | Reached XP level 13. HP: 81/81 MP: 16/16
 14337 | D:14     | Found a basalt altar of Yredelemnul.
 14344 | D:14     | Reached skill level 10 in Fighting
 14352 | D:14     | Received a gift from Okawaru
 14388 | D:14     | Gained mutation: Your magical capacity is low. (-10% MP) [mutagenic meat]
 14389 | D:14     | Gained mutation: You passively map a small area around you. [mutagenic meat]
 14391 | D:14     | Gained mutation: Your body sometimes deteriorates upon taking damage. [mutagenic meat]
 14393 | D:14     | Gained mutation: Your spells are a little easier to cast, but a little less powerful. [mutagenic meat]
 14394 | D:14     | Gained mutation: You are clumsy. (Dex -2) [mutagenic meat]
 14394 | D:14     | Lost mutation: Armour fits poorly on your strangely shaped body. [potion of cure mutation]
 14394 | D:14     | Lost mutation: Scrolls take you a little longer to read. [potion of cure mutation]
 14394 | D:14     | Lost mutation: Your magical capacity is low. (-10% MP) [potion of cure mutation]
 14394 | D:14     | Lost mutation: Your body sometimes deteriorates upon taking damage. [potion of cure mutation]
 14467 | D:14     | Reached skill level 5 in Invocations
 14498 | D:14     | Gained mutation: Your magical capacity is low. (-10% MP) [mutagenic meat]
 14562 | D:14     | Gained mutation: You have large cloven feet. [mutagenic meat]
 14605 | D:14     | Received a gift from Okawaru
 14608 | D:14     | Got an encrusted scale mail {god gift}
 14622 | D:14     | Identified the +1 scale mail of the Thinker {+Blink} (Okawaru gifted it to you on level 14 of the Dungeon)
 14820 | D:14     | Found a gate to the Vaults.
 14820 | D:14     | Noticed a vault guard
 14820 | D:14     | Noticed a vault guard
 14834 | D:14     | Reached skill level 5 in Dodging
 14839 | D:14     | Killed a vault guard
 14847 | D:14     | Killed a vault guard
 14872 | D:14     | Gained mutation: Your spells are easier to cast, but less powerful. [potion of mutation]
 14872 | D:14     | Lost mutation: You are clumsy. (Dex -2) [potion of mutation]
 15208 | D:15     | Entered Level 15 of the Dungeon
 15306 | D:15     | Gained mutation: You expend magic power (3 MP) to strengthen your wands. [mutagenic meat]
 15453 | D:15     | Got an ancient flail
 15454 | D:15     | Identified the +8 flail of Nadghen {venom, Str+4} (You found it on level 15 of the Dungeon)
 15634 | D:15     | Mutation became permanent: Your large and strong wings let you fly indefinitely. [Gargoyle growth]
 15634 | D:15     | Reached XP level 14. HP: 90/90 MP: 16/16
 15908 | D:15     | Gained mutation: You evolve. [mutagenic meat]
 15909 | D:15     | Gained mutation: You possess an exceptional clarity of mind. [mutagenic meat]
 15910 | D:15     | Gained mutation: You are surrounded by a mild repulsion field. (EV +2) [mutagenic meat]
 16388 | D:13     | Reached ****** piety under Okawaru
 16423 | Lair:1   | Entered Level 1 of the Lair of Beasts
 16689 | Lair:1   | Received a gift from Okawaru
 16713 | Lair:1   | Reached skill level 16 in Maces & Flails
 16730 | Lair:1   | Identified a scroll of acquirement
 16733 | Lair:1   | Got a scorched wooden ring
 16735 | Lair:1   | Identified the ring "Leoscheb" {rF+ MP+9 Str+6} (You acquired it on level 1 of the Lair of Beasts)
 18061 | Lair:2   | Received a gift from Okawaru
 18064 | Lair:2   | Got an ancient hat {god gift}
 18075 | Lair:2   | Identified the -2 hat of Listlessness {rC+ MP+9 Dex+3} (Okawaru gifted it to you on level 2 of the Lair of Beasts)
 18397 | Lair:3   | Found a staircase to the Swamp.
 18913 | Lair:3   | Found a hole to the Spider Nest.
 19299 | Lair:4   | Gained mutation: You have a somewhat thin skeletal structure. (Dex +2, Stealth) [potion of mutation]
 19998 | Lair:4   | HP: 3/92 [meliai/divine providence (10)]
 19998 | Lair:4   | Killed from afar by a meliai

Skill      XL: |  1  2  3  4  5  6  7  8  9 10 11 12 13 14 |
---------------+-------------------------------------------+-----
Maces & Flails | 3 4 5 6 7 9 11 13 14 15 16 | 16.4
Bows           | 2 4 5 6 7 |  7.1
Fighting       | 6 8 9 11 12 | 12.5
Dodging        | 2 3 4 5 6 |  6.3
Shields        | 4 6 7 8 |  8.1
Armour         | 4 5 6 8 9 |  9.1
Invocations    | 2 4 6 7 |  7.5

Action                   |  1- 3 |  4- 6 |  7- 9 | 10-12 | 13-15 || total
-------------------------+-------+-------+-------+-------+-------++-------
Melee: Flail             |   151 |   221 |   446 |       |       ||   818
       Headbutt          |       |       |    52 |    83 |       ||   135
       Dire flail        |       |       |    91 |   765 |       ||   856
       Great mace        |       |       |       |   100 |   582 ||   682
Invok: Heroism           |       |       |       |     4 |     9 ||    13
       Finesse           |       |       |       |     1 |     7 ||     8
 Abil: Fly               |       |       |       |       |     1 ||     1
  Use: Potion            |       |     1 |     2 |     2 |     7 ||    12
       Scroll            |       |       |    17 |    10 |    10 ||    37
  Eat: Chunk             |     2 |     8 |    13 |    29 |    40 ||    92
       Beef jerky        |       |       |     1 |       |       ||     1
       Bread ration      |       |       |     1 |       |       ||     1
       Pizza             |       |       |       |     1 |       ||     1
Armor: Scale mail        |   160 |   167 |   162 |       |       ||   489
       Chain mail        |       |       |    49 |   565 |   394 ||  1008
Dodge: Dodged            |    96 |    73 |   118 |   338 |   355 ||   980
Block: Shield            |   125 |   127 |   177 |       |       ||   429
